 Dungeon Crawl Stone Soup version 0.27.1-34-g3ba077fa99 (console) character file.

Game seed: 864300146370855226

354530 grimtooth the Devastator (level 22, -9/152 HPs)
             Began as a Tengu Conjurer on Feb 1, 2022.
             Was a High Priest of Ashenzari.
             Killed by an exploding fulminant prism (50 damage)
             ... on level 4 of the Vaults on Feb 10, 2022.
             The game lasted 09:25:07 (65117 turns).

grimtooth the Devastator (Tengu Conjurer)          Turns: 65117, Time: 09:25:08

Health: -9/152     AC: 16    Str:  9    XL:     22   Next: 30%
Magic:  5/57       EV: 18    Int: 29    God:    Ashenzari [*****.]
Gold:   2929       SH: 18    Dex: 15    Spells: 31/63 levels left

rFire    . . .     SeeInvis +   a - staff of conjuration (curse) {Elem, Fort}
rCold    + + .     Faith    .   b - +1 kite shield "Shattered With Me" {AC+3, Self, Comp} (curse)
rNeg     + . .     Spirit   .   F - +4 ring mail of Cremastomancy {Evo, Bglg} (curse)
rPois    +         Reflect  +   s - +2 hat {Will+}
rElec    +         Harm     .   c - +1 cloak of the Profound Comet {Self, Alch} (curse)
rCorr    +         Rampage  .   R - +0 pair of gloves "Share My Seer" {Bglg, Evo} (curse)
Will     ++...     Clarity  +   (boots unavailable)
Stlth    ++++......             l - amulet of Ashenzari's Gnosis {Reflect Drain rC++ rCorr Int-2 SH+5, Elem, Self} (curse)
HPRegen  0.35/turn              y - ring "Share My Annoyance" {Int+6, Fort, Evo} (curse)
MPRegen  0.35/turn              i - ring "Share My Seer" {rElec rPois rN+ MP+9, Elem, Comp} (curse)

@: corroded, flying quickly and evasively, quick
A: beak, talons 3, nimble flight
}: 2/15 runes: serpentine, barnacled
a: Renounce Religion, Curse Item, Shatter the Chains


You were on level 4 of the Vaults.
You worshipped Ashenzari.
Ashenzari was extremely pleased with you.
You visited 6 branches of the dungeon, and saw 34 of its levels.
You visited the Abyss 2 times.
You also visited: Gauntlet, Ice Cave and Volcano.

You collected 3763 gold pieces.
You spent 834 gold pieces at shops.

Inventory:

Missiles
 m - 10 curare-tipped darts
 v - 75 poisoned darts (quivered)
 z - 6 throwing nets {=f}
 V - 9 atropa-tipped darts
 X - 4 boomerangs
Armour
 b - the cursed +1 kite shield "Shattered With Me" (worn) {AC+3, Self, Comp}
   (You acquired it on level 13 of the Dungeon)

   It has a curse which improves the following skills: Introspection: Fighting
   and Spellcasting.
   Companions: Summonings and Necromancy.
 c - the cursed +1 cloak of the Profound Comet (worn) {Self, Alch}
   (You took it off Crazy Yiuf on level 2 of the Dungeon)

   It has a curse which improves the following skills: Introspection: Fighting
   and Spellcasting.
   Alchemy:   Poison Magic and Transmutations.
 s - a +2 hat of willpower (worn)
 t - the +1 robe of the Harvest Moon {Int+4 Dex-5 Slay+4 Archmagi}
   (You found it on level 2 of the Vaults)

   Int:       It affects your intelligence (+4).
   Dex:       It affects your dexterity (-5).
   Slay:      It affects your accuracy & damage with ranged weapons and melee
   (+4).
   Archmagi:  It increases the power of your magical spells.
 B - the +5 robe of Night {Dark Will+ SInv}
   (You found it on level 2 of the Vaults)

   It shrouds the wearer in darkness, reducing the range at which they can see
   and be seen by others.
   SInv:      It lets you see invisible.
   Will:      It increases your willpower.
 F - the cursed +4 ring mail of Cremastomancy (worn) {Evo, Bglg}
   (You took it off an orc priest on level 5 of the Dungeon)

   It has a curse which improves the following skills: Evocations: Evocations.
   Beguiling: Conjurations, Hexes and Translocations.
 R - the cursed +0 pair of gloves "Share My Seer" (worn) {Bglg, Evo}
   (You found it on level 6 of the Lair of Beasts)

   It has a curse which improves the following skills: Beguiling: Conjurations,
   Hexes and Translocations.
   Evocations: Evocations.
Magical Staves
 a - a cursed staff of conjuration (weapon) {Elem, Fort}
Jewellery
 f - a ring of ice
 i - the cursed ring "Share My Seer" (right hand) {rElec rPois rN+ MP+9, Elem, Comp}
   (You found it in a Gauntlet)

   [ring of poison resistance]

   rElec:     It insulates you from electricity.
   rPois:     It protects you from poison.
   rN:        It protects you from negative energy.
   MP:        It affects your magic capacity (+9).
   It has a curse which improves the following skills: Elements: Fire Magic, Ice
   Magic, Air Magic and Earth Magic.
   Companions: Summonings and Necromancy.
 j - an amulet of magic regeneration
 l - the cursed amulet of Ashenzari's Gnosis (around neck) {Reflect Drain rC++ rCorr Int-2 SH+5, Elem, Self}
   (You bought it in a shop on level 2 of the Orcish Mines)

   [amulet of reflection]

   It reflects blocked missile attacks.
   Int:       It affects your intelligence (-2).
   rC:        It greatly protects you from cold.
   rCorr:     It protects you from acid and corrosion.
   Drain:     It drains your maximum health when unequipped.
   SH:        It affects your SH (+5).
   It has a curse which improves the following skills: Elements: Fire Magic, Ice
   Magic, Air Magic and Earth Magic.
   Introspection: Fighting and Spellcasting.
 y - the cursed ring "Share My Annoyance" (left hand) {Int+6, Fort, Evo}
   (You found it on level 5 of the Dungeon)

   [ring of intelligence]

   Int:       It affects your intelligence (+6).
   It has a curse which improves the following skills: Fortitude: Armour and
   Shields.
   Evocations: Evocations.
 S - a +6 ring of intelligence
 U - a ring of fire
 W - a ring of willpower
Wands
 n - a wand of acid (11)
 u - a wand of flame (57)
 A - a wand of digging (12)
 G - a wand of mindburst (45)
 I - a wand of iceblast (34)
 J - a wand of paralysis (12)
 M - a wand of charming (47)
Scrolls
 h - a scroll of fog
 k - 4 scrolls of blinking
 p - a scroll of enchant weapon
 q - 5 scrolls of fear
 D - a scroll of summoning
 E - 9 scrolls of teleportation
 K - 2 scrolls of immolation
 N - 4 scrolls of enchant armour
 O - a scroll of amnesia
 P - 3 scrolls of magic mapping
Potions
 d - 2 potions of cancellation
 e - 3 potions of ambrosia
 g - 5 potions of lignification
 o - 3 potions of invisibility
 r - 3 potions of magic
 w - 6 potions of haste
 x - 5 potions of curing
 C - 4 potions of heal wounds
 H - 2 potions of resistance
 T - 2 potions of might
Miscellaneous
 L - a condenser vane
 Q - a lightning rod (4/4)


   Skills:
 - Level 15.5(20.1) Fighting
 - Level 12.0 Staves
 - Level 9.0 Throwing
 - Level 8.0(12.0) Armour
 + Level 12.4 Dodging
 - Level 12.0 Stealth
 - Level 8.0(12.0) Shields
 - Level 16.6(21.1) Spellcasting
 - Level 16.6(20.0) Conjurations
 - Level 5.5(9.5) Hexes
 - Level 5.0(9.0) Summonings
 - Level 5.3(9.3) Translocations
 - Level 9.4(14.4) Fire Magic
 - Level 6.0(11.1) Ice Magic
 - Level 6.0(11.1) Earth Magic
 - Level 6.8(12.0) Evocations


You had 31 spell levels left.
You knew the following spells:

 Your Spells              Type           Power      Damage    Failure   Level
a - Magic Dart            Conj           100%       1d8       0%          1
b - Searing Ray           Conj           100%       3d7       0%          2
c - Dazzling Flash        Conj/Hex       100%       N/A       1%          3
d - Iskenderun's Mystic   Conj/Tloc      100%       2d19      1%          4
f - Fulminant Prism       Conj/Hex       54%        3d23      1%          4
g - Bolt of Magma         Conj/Fire/Erth 54%        4d22      1%          5
h - Iron Shot             Conj/Erth      55%        9d10      1%          6
j - Hailstorm             Conj/Ice       100%       3d20      1%          4
p - Apportation           Tloc           100%       N/A       1%          1
w - Passwall              Tmut/Erth      49%        N/A       1%          2

Your spell library contained the following spells:

 Spells                   Type           Power      Damage    Failure   Level
 Corona                   Hex            80%        N/A       1%          1
 Freeze                   Ice            100%       1d11      1%          1
 Summon Small Mammal      Summ           100%       N/A       1%          1
 Ensorcelled Hibernation  Hex/Ice        100%       N/A       1%          2
 Slow                     Hex            72%        N/A       1%          2
 Static Discharge         Conj/Air       94%        N/A       1%          2
 Call Canine Familiar     Summ           70%        N/A       1%          3
 Confusing Touch          Hex            72%        N/A       1%          3
 Frozen Ramparts          Ice            100%       1d12      1%          3
 Gell's Gravitas          Tloc           35%        N/A       1%          3
 Ignite Poison            Fire/Tmut/Pois 56%        N/A       1%          3
 Inner Flame              Hex/Fire       79%        N/A       1%          3
 Lesser Beckoning         Tloc           35%        N/A       1%          3
 Mephitic Cloud           Conj/Pois/Air  82%        N/A       1%          3
 Portal Projectile        Hex/Tloc       100%       N/A       1%          3
 Stone Arrow              Conj/Erth      100%       3d13      1%          3
 Teleport Other           Tloc           71%        N/A       1%          3
 Animate Armour           Summ/Erth      100%       N/A       1%          4
 Cause Fear               Hex            36%        N/A       1%          4
 Leda's Liquefaction      Hex/Erth       37%        N/A       1%          4
 Iskenderun's Battlesphe  Conj           100%       2d15      1%          5
 Lightning Bolt           Conj/Air       47%        1d67      1%          5
 Animate Skeleton         Necr           68%        N/A       3%          1
 Beastly Appendage        Tmut           64%        N/A       3%          1
 Pain                     Necr           100%       1d9       3%          1
 Sting                    Tmut/Pois      100%       1d8       3%          1
 Ice Form                 Ice/Tmut       59%        N/A       3%          4
 Petrify                  Tmut/Erth      59%        N/A       3%          4
 Poisonous Vapours        Pois/Air       68%        N/A       4%          2
 Wereblood                Tmut           32%        N/A       4%          2
 Vampiric Draining        Necr           17%        2d8       9%          3
 Spellforged Servitor     Conj/Summ      53%        N/A       9%          7
 Spider Form              Tmut/Pois      16%        N/A       10%         3
 Invisibility             Hex            36%        N/A       12%         6
 Yara's Violent Unravell  Hex/Tmut       28%        3d12      14%         5
 Shadow Creatures         Summ           N/A        N/A       14%         6
 Olgreb's Toxic Radiance  Pois           32%        N/A       32%         4
 Ozocubu's Refrigeration  Ice            38%        4d12      32%         7
 Lehudib's Crystal Spear  Conj/Erth      55%        10d13     38%         8
 Simulacrum               Ice/Necr       29%        N/A       47%         6
 Statue Form              Tmut/Erth      39%        N/A       50%         6
 Ignition                 Fire           42%        3d12      56%         8
 Malign Gateway           Summ/Tloc      35%        N/A       58%         7
 Agony                    Necr           34%        N/A       63%         5
 Excruciating Wounds      Necr           17%        N/A       63%         5
 Blade Hands              Tmut           16%        N/A       67%         5
 Discord                  Hex            36%        N/A       99%         8
 Maxwell's Capacitive Co  Air            17%        ∞         100%        8


Dungeon Overview and Level Annotations

Branches:
Dungeon (14/15)            Temple (0/1) D:7            Lair (6/6) D:11
 Shoals (4/4) Lair:2        Snake (4/4) Lair:3        Slime (0/5) Lair:5
    Orc (2/2) D:12            Elf (0/3) Orc:2        Vaults (4/5) D:13
  Crypt (0/3) Vaults:2      IceCv (visited)         Volcano (visited)
Gauntlet (visited)

Altars:
Ashenzari
Cheibriados
Dithmenos
Elyvilon
Makhleb
Sif Muna
Trog
Uskayaw
Vehumet
Wu Jian
Xom
The Shining One
Jiyva

Shops:
D:4 :   Orc:1 (   Orc:2 ((==   Shoals:2 *   Vaults:1 [   Vaults:3 *

Annotations:
D:11 2 transporters, KittyFluff's ghost, novice GrBe
D:12 3 runed translucent doors, AverageBear's ghost, novice DDFi
Snake:4 3 runed translucent doors, DemonSlayer's ghost, adept TeBe; ravioli's ghost, adept GrEE


Innate Abilities, Weirdness & Mutations

You have a beak for a mouth.
You have claws for feet.
Your magical nature lets you fly swiftly and evasively.


Message History

The bolt hits the yaktaur!!
You see here an entropy weaver corpse.
The sentinel's mark upon you fades away.
The yaktaur shoots a bolt.
The bolt hits you but does no damage.
You see here 14 bolts.
There is an open door here.
Things that are here:
a +0 arbalest; 15 bolts; a yaktaur corpse You reach down and close the door.
You start resting.
You hear a distant slurping noise.
There are monsters nearby!
Casting: Bolt of Magma (mildly dangerous; 1% risk of failure)
Confirm with . or Enter, or press ? or * to list all spells.
Aiming: Fulminant Prism (safe; 1% risk of failure)
Press: ? - help, Dir - move target, p - yaktaur You feel a surge of power!
You conjure a prism of explosive energy!
A fulminant prism comes into view.
The yaktaur shoots a bolt.
The bolt hits you!!
* * * LOW HITPOINT WARNING * * *
You hear a shout!
Casting: Fulminant Prism (safe; 1% risk of failure)
Confirm with . or Enter, or press ? or * to list all spells.
Aiming: Searing Ray (safe; 0% risk of failure)
Press: ? - help, Shift-Dir - straight line, f - yaktaur
Aim: a yaktaur, wielding a +0 arbalest and quivering bolts (almost dead, ally target, 96% to hit)
You feel a surge of power!
The searing ray hits the yaktaur.
The yaktaur is almost dead. (Press . to maintain the ray.)
The yaktaur shoots a bolt.
You reflect the bolt off an invisible shield around you!
The bolt completely misses the yaktaur.
Your fulminant prism crackles loudly.
The searing ray hits the yaktaur!
You kill the yaktaur!
Your fulminant prism explodes!
The blast of energy engulfs the vault sentinel!!
The vault sentinel is moderately wounded.
The blast of energy engulfs you!!!
You die...

#.#.#[#.#.##* ** * *
*.#.#.#p#.#.#........
#.#..))c#.##........
*#.#....)..#.#........
+..#.....#..#........,**
* *
,,#.#...{c..#.#........
* , ,
,,##.#(...)#.##..)†....
, *,
#.#.#.#.#.#.#))...... *,
, ##.#.#.#.#†##@.......
',, , ,
,#.#.#...#.#p').......,
,, , ,
#############........ '
, , ########........ *
** , , #######........ *
#########** ,, , ,


You could see a vault sentinel.

Vanquished Creatures
  Vashnia (Snake:3)
  Rupert (Lair:3)
  2 liches (Vaults:2)
  A kraken (Shoals:3)
  A tentacled starspawn (Abyss:2)
  A sphinx (Vaults:2)
  2 tengu reavers
  Kirke (D:13)
  Roxanne (Snake:3)
  A frost giant (Vaults:1)
  20 nagarajas
  11 vault wardens
  3 orc warlords
  A fire giant (Vaults:4)
  A deep elf elementalist (Abyss:2)
  13 ironbound preservers
  A reaper (IceCv)
  2 entropy weavers
  The ghost of Dootley the Carver, a journeyman FoFi of Dithmenos (Orc:1)
  A minotaur (Gauntlet)
  Azrael (Snake:3)
  A merfolk javelineer (Shoals:4)
  A blizzard demon (Abyss:2)
  Snorg (Lair:3)
  2 yaktaur captains (Vaults:4)
  10 merfolk impalers
  2 fire dragons
  5 ironbound thunderhulks
  A deep elf high priest (Vaults:3)
  3 great orbs of eyes
  7 vault guards
  A rakshasa (Abyss:2)
  20 naga warriors
  7 boulder beetles
  A peacekeeper (Vaults:3)
  3 ogre magi
  11 hydras
  7 ironbound frosthearts
  5 merfolk avatars
  2 death knights (D:13)
  7 centaur warriors
  8 merfolk aquamancers
  2 dancing weapons
  2 anacondas
  20 death yaks
  2 alligator snapping turtles
  18 two-headed ogres
  4 thrashing horrors (Abyss:2)
  A tengu warrior (D:10)
  7 ironbound beastmasters
  4 shock serpents
  An orc high priest (Orc:2)
  A deep elf knight (D:13)
  Sonja (Orc:2)
  18 naga sharpshooters
  A wretched star (Abyss:2)
  4 skeletal warriors (D:13)
  8 spectral anacondas (Snake:2)
  3 anaconda zombies (Snake:2)
  11 sea snakes
  A death drake (shapeshifter) (Gauntlet)
  A fire crab (Lair:6)
  31 deep trolls
  4 salamander mystics
  3 starcursed masses (Abyss:2)
  A glowing orange brain (shapeshifter) (Gauntlet)
  A glowing orange brain (Abyss:2)
  A deep elf archer (D:13)
  19 lindwurms
  9 orc knights
  6 naga ritualists
  A shadow dragon zombie (Vaults:3)
  14 harpies
  4 deep elf pyromancers
  16 ironbound convokers
  3 deep elf zephyrmancers
  A phantasmal warrior (D:13)
  An anaconda skeleton (Snake:2)
  13 wizards
  An orc sorcerer (Orc:2)
  A wolf spider (D:14)
  2 orb spiders
  14 fauns
  34 ugly things
  11 salamanders
  2 oklob plants (D:11)
  4 cyclopes
  9 mana vipers
  A will-o-the-wisp (Abyss:2)
  18 manticores
  3 necromancers
  An orb spider (shapeshifter) (D:14)
  3 worldbinders
  6 merfolk sirens
  5 toenail golems (Volcano)
  7 water nymphs
  30 elephants
  A smoke demon (Abyss:2)
  19 vault sentinels
  2 molten gargoyles (Lair:6)
  8 guardian serpents
  A stone giant skeleton (Vaults:1)
  An eye of devastation (Abyss:2)
  22 naga magi
  33 black mambas
  A yaktaur zombie (Vaults:3)
  7 cane toads
  2 kobold demonologists
  10 komodo dragons
  5 rime drakes
  A human zombie (Vaults:3)
  24 yaktaurs
  3 anaconda simulacra
  2 entropy weaver simulacra (IceCv)
  A tormentor (Abyss:2)
  A tengu conjurer (Vaults:2)
  A freezing wraith (D:13)
  2 hellwings (Abyss:2)
  An ancient zyme (Abyss:2)
  33 merfolk
  14 trolls
  5 wind drakes
  2 polar bears
  A hornet (D:7)
  5 large abominations (Abyss:2)
  4 raiju (Abyss:2)
  A dream sheep (shapeshifter) (Vaults:4)
  6 dream sheep (Lair:4)
  A human simulacrum (Vaults:1)
  7 blink frogs
  10 snapping turtles
  30 slime creatures
  2 redbacks (Vaults:3)
  2 tarantellas
  A deep troll skeleton (Vaults:1)
  A ynoxinul (Abyss:2)
  A dire elephant simulacrum (IceCv)
  2 elf skeletons (Vaults:1)
  41 yaks
  9 wraiths
  4 basilisks
  6 wyverns
  A hog (shapeshifter) (D:13)
  A shadow (D:10)
  5 water elementals
  3 golden eyes
  A hog (D:13)
  3 fire elementals (Snake:3)
  6 fire bats
  2 steam dragons
  2 death yak simulacra (IceCv)
  20 vampire mosquitoes
  A neqoxec (Abyss:2)
  A chaos spawn (Abyss:2)
  5 wargs
  46 nagas
  A harpy simulacrum (IceCv)
  A warg (shapeshifter) (Gauntlet)
  An acid dragon (D:13)
  8 hell hounds
  13 water moccasins
  Duvessa (D:6)
  17 orc warriors
  A sky beast (D:7)
  2 black bears
  A necrophage (D:8)
  An ice beast (D:7)
  12 centaurs
  A tengu (shapeshifter) (D:14)
  20 wolves
  7 boggarts
  27 ogres
  A phantom (D:6)
  A kobold brigand (D:8)
  3 scorpions
  14 bullfrogs
  A cane toad simulacrum (IceCv)
  A small abomination (Abyss:2)
  6 two-headed ogre simulacra (IceCv)
  A gnoll sergeant (D:12)
  A water moccasin zombie (D:5)
  Dowan (D:6)
  3 wyvern skeletons
  3 elephant simulacra (IceCv)
  7 wights
  14 killer bees
  3 howler monkeys (D:12)
  4 electric eels
  5 lava snakes (Lair:6)
  3 centaur zombies
  2 quasits (Abyss:2)
  2 gnoll shamans
  2 hounds
  21 orc priests
  Crazy Yiuf (D:2)
  2 iron imps (Abyss:2)
  2 centaur skeletons
  2 iguanas
  Terence (D:2)
  15 orc wizards
  A polar bear simulacrum (IceCv)
  11 spriggan simulacra (IceCv)
  7 troll simulacra (IceCv)
  3 wolf simulacra (IceCv)
  A howler monkey skeleton (D:5)
  15 gnolls
  3 naga simulacra (IceCv)
  6 adders
  A shadow imp (D:5)
  7 white imps
  8 ufetubi
  A worm (D:4)
  4 dart slugs
  61 orcs
  7 endoplasms
  6 giant cockroaches
  6 hobgoblins
  18 kobolds
  3 quokkas
  8 ball pythons
  7 bats
  4 frilled lizards
  6 goblins
  8 rats
  2 fulminant prisms
  2 tentacles (Shoals:3)
1437 creatures vanquished.

Vanquished Creatures (others)
  2 wizards
  A cane toad (Lair:3)
  An ancient zyme (Abyss:2)
  6 humans (D:13)
  A butterfly (D:10)
  14 demonic plants (Gauntlet)
  2 foxfires (Abyss:2)
  455 fulminant prisms
  75 fungi
  A lurking horror (Abyss:2)
  171 plants
  2 starspawn tentacles (Abyss:2)
  6 tentacles (Shoals:3)
737 creatures vanquished.

Grand Total: 2174 creatures vanquished

Notes
Turn   | Place    | Note
-------+----------+-------------------------------------------
     0 | D:1      | grimtooth the Tengu Conjurer began the quest for the Orb.
     0 | D:1      | Reached XP level 1. HP: 10/10 MP: 4/4
   375 | D:1      | Reached XP level 2. HP: 15/15 MP: 3/6
  1004 | D:1      | Learned a level 2 spell: Searing Ray
  1084 | D:2      | Found a broken altar of Ashenzari.
  1089 | D:2      | Became a worshipper of Ashenzari the Shackled
  1238 | D:2      | Reached XP level 3. HP: 19/19 MP: 5/7
  1390 | D:2      | Found a faded altar of an unknown god.
  1564 | D:2      | Found a runed translucent door.
  1565 | D:2      | Noticed Crazy Yiuf
  1696 | D:2      | Noticed Terence
  1704 | D:2      | Killed Terence
  1865 | D:2      | Reached XP level 4. HP: 24/24 MP: 6/8
  2510 | D:3      | Noticed a scorpion
  2518 | D:3      | Killed a scorpion
  2519 | D:3      | Gained mutation: Your magical nature lets you fly swiftly
                  | and evasively. [Tengu growth]
  2519 | D:3      | Reached XP level 5. HP: 23/28 MP: 1/9
  2851 | D:3      | Found a glowing golden altar of the Shining One.
  3713 | D:4      | Found a radiant altar of Vehumet.
  3846 | D:4      | Noticed a black bear
  3852 | D:4      | Killed a black bear
  3853 | D:4      | Reached XP level 6. HP: 32/32 MP: 6/12
  4356 | D:4      | Found Duofeul's Book Shoppe.
  4451 | D:5      | Entered Level 5 of the Dungeon
  4466 | D:5      | Reached XP level 7. HP: 35/36 MP: 6/14
  4677 | D:5      | Reached skill level 5 in Spellcasting
  4682 | D:5      | Learned a level 4 spell: Fulminant Prism
  4687 | D:5      | Learned a level 4 spell: Iskenderun's Mystic Blast
  4934 | D:5      | Reached skill level 1 in Hexes
  4934 | D:5      | Reached skill level 1 in Translocations
  5332 | D:5      | Reached XP level 8. HP: 41/41 MP: 11/17
  6032 | D:6      | Noticed Duvessa
  6150 | D:6      | Noticed Dowan
  6397 | D:6      | Reached XP level 9. HP: 39/45 MP: 14/19
  6823 | D:6      | Reached * piety under Ashenzari
  6928 | D:6      | Found a shadowy altar of Dithmenos.
  7222 | D:7      | Reached skill level 1 in Fighting
  7370 | D:7      | Reached skill level 10 in Conjurations
  8375 | D:7      | Noticed a hornet
  8381 | D:7      | Killed a hornet
  8475 | D:7      | Found a staircase to the Ecumenical Temple.
  8757 | D:8      | - well shit I didn't understan that part
  8849 | D:8      | Reached XP level 10. HP: 44/56 MP: 10/20
  9653 | D:8      | Reached skill level 5 in Translocations
  9885 | D:8      | Reached skill level 5 in Fighting
 10820 | D:9      | Noticed a two-headed ogre
 10826 | D:9      | Killed a two-headed ogre
 10827 | D:9      | Reached skill level 5 in Hexes
 10827 | D:9      | Reached skill level 1 in Evocations
 11179 | D:9      | Reached ** piety under Ashenzari
 11321 | D:9      | Reached XP level 11. HP: 58/64 MP: 9/21
 11568 | D:10     | Entered Level 10 of the Dungeon
 11569 | D:10     | Noticed a tengu warrior
 11860 | D:10     | Found a white marble altar of Elyvilon.
 11884 | D:10     | Found a snail-covered altar of Cheibriados.
 12365 | D:10     | Noticed a two-headed ogre
 12380 | D:10     | Killed a two-headed ogre
 12767 | D:10     | Reached *** piety under Ashenzari
 13148 | D:11     | Noticed a two-headed ogre
 13289 | D:11     | Noticed a six-headed hydra
 13299 | D:11     | Killed a six-headed hydra
 13476 | D:11     | Killed a two-headed ogre
 13477 | D:11     | Reached skill level 5 in Dodging
 13477 | D:11     | Reached skill level 5 in Stealth
 13588 | D:11     | Found a transporter.
 13609 | D:11     | Found a transporter.
 13615 | D:11     | Noticed KittyFluff's ghost (novice GrBe)
 13623 | D:11     | Noticed a two-headed ogre
 13629 | D:11     | Noticed an oklob plant
 13690 | D:11     | Found a staircase to the Lair.
 13690 | D:11     | Noticed an oklob plant
 13841 | D:11     | Noticed a manticore
 13853 | D:11     | Killed a manticore
 13974 | D:11     | Killed a two-headed ogre
 14546 | D:11     | Killed an oklob plant
 14547 | D:11     | Reached skill level 5 in Armour
 14550 | D:11     | Killed an oklob plant
 14625 | D:10     | Killed a tengu warrior
 14626 | D:10     | Reached XP level 12. HP: 44/76 MP: 16/26
 14790 | D:2      | Killed Crazy Yiuf
 14925 | D:6      | Killed Duvessa
 14927 | D:6      | Killed Dowan
 15105 | Lair:1   | Entered Level 1 of the Lair of Beasts
 15138 | Lair:1   | Noticed an eight-headed hydra
 15177 | Lair:1   | Killed an eight-headed hydra
 15194 | Lair:1   | Found a frozen archway.
 15318 | IceCv    | Entered an ice cave
 15754 | IceCv    | Reached **** piety under Ashenzari
 16007 | IceCv    | - so they heal up now
 16830 | IceCv    | Noticed a reaper
 16920 | IceCv    | HP: 2/80 [spore (29)]
 16937 | IceCv    | Killed a reaper
 17447 | IceCv    | Identified the +5 dagger of Inquiry {vorpal, MP+9}
 17784 | Lair:1   | Learned a level 3 spell: Dazzling Flash
 17786 | Lair:1   | Learned a level 1 spell: Apportation
 17866 | Lair:1   | Noticed a six-headed hydra
 17881 | Lair:1   | Killed a six-headed hydra
 18151 | Lair:1   | Noticed a fire dragon
 18519 | Lair:2   | Reached ***** piety under Ashenzari
 18705 | Lair:2   | Found a staircase to the Shoals.
 19065 | Lair:2   | Reached skill level 5 in Shields
 19330 | Lair:3   | Noticed an eight-headed hydra
 19338 | Lair:3   | Killed an eight-headed hydra
 19339 | Lair:3   | Reached XP level 13. HP: 39/90 MP: 13/29
 19443 | Lair:3   | Found a staircase to the Snake Pit.
 19704 | Lair:3   | Reached skill level 1 in Fire Magic
 19742 | Lair:3   | Noticed Rupert
 19868 | Lair:3   | Noticed Snorg
 20102 | Lair:4   | Found a dark tunnel.
 20121 | Lair:4   | Reached skill level 5 in Evocations
 20159 | Volcano  | Entered a volcano
 20206 | Volcano  | Cast into level 3 of the Abyss (a wizard)
 20207 | Abyss:3  | - damn it
 20214 | Abyss:3  | Noticed a tentacled starspawn
 20254 | Abyss:3  | Noticed a tentacled starspawn
 20273 | Abyss:3  | Noticed a revenant
 20273 | Abyss:3  | Noticed a tentacled starspawn
 20331 | Abyss:3  | Noticed an azure jelly
 20337 | Abyss:4  | - oh this is nuts
 20375 | Abyss:4  | Noticed a starcursed mass
 20376 | Abyss:4  | Noticed a tentacled starspawn
 20380 | Volcano  | Escaped the Abyss
 20788 | Volcano  | Reached skill level 5 in Fire Magic
 22301 | Lair:5   | Reached XP level 14. HP: 84/96 MP: 22/32
 22423 | Lair:5   | Found an ornate altar of the Wu Jian Council.
 22423 | Lair:5   | Found a hide-covered altar of Uskayaw.
 22703 | Lair:5   | Learned a level 5 spell: Bolt of Magma
 23147 | Lair:5   | Identified the +1 robe of the Barracuda {Harm Str+4 Int-3}
 23301 | Lair:5   | Reached skill level 1 in Earth Magic
 23664 | Lair:5   | Found a staircase to the Slime Pits.
 23665 | Lair:5   | Found a viscous altar of Jiyva.
 24084 | Lair:6   | Entered Level 6 of the Lair of Beasts
 25470 | Lair:6   | Identified a scroll of acquirement
 25561 | Lair:6   | Reached skill level 5 in Earth Magic
 25582 | Lair:6   | Reached XP level 15. HP: 100/100 MP: 5/34
 26837 | Lair:6   | Found a large runed translucent door.
 26838 | Lair:6   | Found a large runed translucent door.
 28626 | D:12     | Found a gate leading to a gauntlet.
 28674 | Gauntlet | Entered a Gauntlet
 28674 | Gauntlet | Found a transporter.
 28674 | Gauntlet | Found a transporter.
 28681 | Gauntlet | Found a transporter.
 28695 | Gauntlet | Found a transporter.
 28709 | Gauntlet | Found a transporter.
 28723 | Gauntlet | Found a transporter.
 28727 | Gauntlet | Identified the -2 helmet of Honour {-Tele rPois Slay+4
                  | SInv}
 28742 | Gauntlet | Found a transporter.
 28743 | Gauntlet | Identified the ring of Maplumank {rElec rPois rN+ MP+9}
 28825 | Gauntlet | Found a transporter.
 28835 | Gauntlet | Found a transporter.
 28838 | Gauntlet | Noticed a cacodemon
 28845 | Gauntlet | Found a transporter.
 28847 | Gauntlet | Noticed an acid blob
 28849 | Gauntlet | Identified the ring of the Centipede {rPois Will+ Slay+2
                  | Stlth-}
 28850 | Gauntlet | Noticed an iron dragon
 28850 | Gauntlet | an acid blob changed into an iron dragon
 28851 | Gauntlet | Noticed an acid blob
 28851 | Gauntlet | an iron dragon changed into an acid blob
 28852 | Gauntlet | Noticed a golden dragon
 28852 | Gauntlet | an acid blob changed into a golden dragon
 28853 | Gauntlet | Noticed a fire giant
 28853 | Gauntlet | a golden dragon changed into a fire giant
 28856 | Gauntlet | a fire giant changed into a dire elephant
 28865 | Gauntlet | Noticed a fire giant
 28865 | Gauntlet | a dire elephant changed into a fire giant
 28868 | Gauntlet | a fire giant changed into an iron troll
 28869 | Gauntlet | Noticed a quicksilver dragon
 28869 | Gauntlet | an iron troll changed into a quicksilver dragon
 28901 | Gauntlet | Found a transporter.
 28913 | Gauntlet | Found a transporter.
 28928 | Gauntlet | Identified the +2 helmet "Roshrodeo" {rF+ Int-5 SInv}
 28930 | Gauntlet | Found a transporter.
 28941 | Gauntlet | Found a transporter.
 29022 | Gauntlet | Found a transporter.
 29256 | Gauntlet | Found a transporter.
 29276 | Gauntlet | Reached skill level 10 in Spellcasting
 29278 | Gauntlet | Reached skill level 15 in Conjurations
 29282 | Gauntlet | - fuckin miasma
 29616 | Gauntlet | Identified the +8 giant spiked club of the Inferno {vorpal,
                  | Dex+3 Stlth+}
 29616 | Gauntlet | Identified the Guide on Shifting Toxins
 29769 | D:12     | Found a runed translucent gate.
 29769 | D:12     | Found a runed translucent gate.
 30213 | D:12     | Found a staircase to the Orcish Mines.
 30331 | D:12     | Noticed AverageBear's ghost (novice DDFi)
 30566 | D:12     | Found a runed translucent gate.
 30620 | Orc:1    | Entered Level 1 of the Orcish Mines
 30770 | Orc:1    | Found a runed translucent door.
 30779 | Orc:1    | Found a shimmering altar of Xom.
 30779 | Orc:1    | Noticed Dootley's ghost (journeyman FoFi)
 30876 | Orc:1    | - that was not intentional
 30953 | Orc:1    | Killed Dootley's ghost
 31149 | Orc:2    | Entered Level 2 of the Orcish Mines
 31401 | Orc:2    | Learned a level 4 spell: Hailstorm
 31434 | Orc:1    | Found Boluym's Antique Weapon Boutique.
 31760 | Orc:2    | Reached skill level 1 in Ice Magic
 32269 | Orc:2    | Found a burning altar of Makhleb.
 32346 | Orc:2    | - phew
 32346 | Orc:2    | - shouldn't I be faster than that dude
 32868 | Orc:2    | Reached XP level 16. HP: 103/103 MP: 35/35
 32914 | Orc:2    | Paralysed by an orc sorcerer for 2 turns
 32997 | Orc:2    | Noticed Sonja
 33003 | Orc:2    | Killed Sonja
 33347 | Orc:2    | Found Ziugh's Antique Weapon Shop.
 33350 | Orc:2    | Found Liodaer's Antique Weapon Shop.
 33511 | Orc:2    | Found Vagosoly's Jewellery Emporium.
 33521 | Orc:2    | Found Pidwoett's Jewellery Boutique.
 33532 | Orc:2    | Found a staircase to the Elven Halls.
 33615 | Orc:2    | - pretty crap
 34043 | D:13     | Reached skill level 5 in Ice Magic
 34131 | D:13     | Found a bloodstained altar of Trog.
 34783 | D:13     | Noticed Kirke
 34787 | D:13     | Killed Kirke
 34991 | D:13     | Found a gate to the Vaults.
 36262 | D:14     | Reached skill level 10 in Fighting
 36529 | D:14     | Reached XP level 17. HP: 62/110 MP: 24/38
 36952 | D:14     | Found a sacrificial altar of Ru.
 36954 | D:14     | Found a shimmering altar of Xom.
 36954 | D:14     | Found a shimmering blue altar of Sif Muna.
 36956 | D:14     | Found a shimmering altar of Xom.
 36956 | D:14     | Found a hide-covered altar of Uskayaw.
 36956 | D:14     | Found a shimmering altar of Xom.
 37365 | Snake:1  | Entered Level 1 of the Snake Pit
 38424 | Snake:1  | Reached skill level 10 in Stealth
 41963 | Snake:2  | Reached XP level 18. HP: 96/122 MP: 1/42
 42102 | Snake:3  | Noticed Azrael
 42704 | Snake:3  | Reached skill level 1 in Staves
 43746 | Snake:3  | Reached skill level 5 in Staves
 43754 | Snake:3  | Noticed Vashnia
 43790 | Snake:3  | - whoops
 43805 | Snake:3  | Killed Vashnia
 43994 | Snake:3  | Identified Roxanne's Catalogue of Transmutation
 43994 | Snake:3  | Noticed Roxanne
 44291 | Snake:3  | Killed Azrael
 44584 | Shoals:1 | Entered Level 1 of the Shoals
 44760 | Orc:2    | Bought the amulet of Hygg {Reflect Drain rC++ rCorr Int-2
                  | SH+5} for 804 gold pieces
 44949 | Shoals:1 | Learned a level 6 spell: Iron Shot
 46213 | Shoals:2 | - those better be shops
 46248 | Shoals:2 | Found Maceo's CLEARANCE SALE! EVERYTHING MUST GO!.
 46251 | Shoals:2 | - great
 46254 | Shoals:2 | Bought a potion of might for 16 gold pieces
 46254 | Shoals:2 | Bought a scroll of amnesia for 14 gold pieces
 46254 | Shoals:2 | - that is some bullshit
 46742 | Shoals:2 | Reached skill level 10 in Staves
 48169 | Shoals:4 | Entered Level 4 of the Shoals
 48179 | Shoals:4 | - here's the perfect curse and nothing to put it on
 48179 | Shoals:4 | - ah well
 48381 | Shoals:4 | Reached XP level 19. HP: 124/124 MP: 36/41
 49149 | Shoals:4 | Identified the Volume of the Compass and Malediction
 49424 | Shoals:4 | Got a barnacled rune of Zot
 50361 | Snake:4  | Entered Level 4 of the Snake Pit
 50361 | Snake:4  | Found the +2 robe of Vines {NoPotionHeal Regen+++}
 50442 | Snake:4  | Found a runed translucent gate.
 50658 | Snake:4  | Found a runed translucent gate.
 50658 | Snake:4  | Found a runed translucent gate.
 50659 | Snake:4  | Noticed ravioli's ghost (adept GrEE)
 50660 | Snake:4  | Noticed DemonSlayer's ghost (adept TeBe)
 51754 | Snake:4  | Identified the +1 ring mail of Buovasi {*Corrode rC+ Regen+
                  | Str+5}
 52153 | Snake:4  | Reached skill level 10 in Dodging
 53211 | Snake:4  | Reached XP level 20. HP: 128/135 MP: 41/42
 53611 | Snake:4  | Got a serpentine rune of Zot
 53946 | Snake:3  | Killed Roxanne
 53955 | Snake:3  | Learned a level 2 spell: Passwall
 54288 | D:13     | Acquired a +1 kite shield of protection
 54309 | Vaults:1 | Entered Level 1 of the Vaults
 55166 | Lair:3   | Identified the +3 chain mail of the Game of Kings {SInv}
 55194 | Lair:3   | Killed Snorg
 55404 | Lair:3   | Killed Rupert
 55877 | Vaults:1 | Reached skill level 1 in Throwing
 56100 | Vaults:1 | Found Seycroh's Armour Emporium.
 56108 | Vaults:1 | - man these shops are just terrible
 56861 | Vaults:1 | - dang
 57503 | Vaults:1 | Reached skill level 15 in Spellcasting
 58476 | Vaults:2 | Found a radiant altar of Vehumet.
 58476 | Vaults:2 | Identified the +1 robe of the Harvest Moon {Int+4 Dex-5
                  | Slay+4 Archmagi}
 58528 | Vaults:2 | Found the +5 robe of Night {Dark Will+ SInv}
 58606 | Vaults:2 | Found a staircase to the Crypt.
 58895 | Vaults:2 | Reached XP level 21. HP: 141/141 MP: 37/45
 59257 | Vaults:2 | Reached skill level 5 in Throwing
 62070 | Vaults:3 | Found Sadomn's Assorted Antiques.
 62397 | Vaults:3 | Cast into level 2 of the Abyss (a wizard)
 62398 | Abyss:2  | - flippin wizards
 63308 | Abyss:2  | Reached skill level 15 in Fighting
 63331 | Abyss:2  | Noticed a bone dragon
 63434 | Vaults:3 | Escaped the Abyss
 63590 | Vaults:3 | Reached XP level 22. HP: 148/148 MP: 43/47
 64296 | Vaults:4 | Reached skill level 1 in Summonings
 64794 | Vaults:4 | Reached skill level 5 in Summonings
 65106 | Vaults:4 | Identified the +8 dire flail of Cunerus {protect, rElec
                  | Int+7 Stlth-}
 65117 | Vaults:4 | Killed by an exploding fulminant prism

Illustrated notes #..........## #..>.......# #..........## ##...........# #............## ##.............## ##...............# ##....[.........### ##...@...##......# #.....########..## #......# ##.# ###...>.# #.# #.....# ..# ##...... ...# #....... ..... #....#########. #...## . Turn 8757 on D:8: - well shit I didn't understan that part *, * ,{** * .# ,* , {* **####..#.. * * * ,##...8..# *, { .##.....# ∆ * ** , * .#..##.##Z * *, ** .#.######## * ,.#..###.### *, * , *##..#....## ** ,*,* *###.@....### * ,,* #...###..### ##,* * ##.#####..### #≈ * #.#○###...### #≈≈≈* ##.○.###..### #≈≈≈ ### ##°.§..###..## #≈≈####.###..#.#...#..## #.##......Z.###.#.°...## ##..∩.....###..###...### Turn 16007 on IceCv: - so they heal up now * ,**,*,*** * , , , * * **...# #...# *, * , ,, ,, ...##...# ,*, ** * ,, ,* ,,*........* , , , , * , , ,......* * ,, * *** ** #....##, ** * , *#.....#, , ,, * * ,, #.....#, , **,,*, * ,* , , #..@..# ** * * ** *,, ,**, #.....# , * , , ,*, ,#......#, , , ,* , *#.....## , ,** ,,.>...#. **, * , * , ......... ,, , * * , ,** ,.##..... #.* * * * ,,* *#. ..$...# ..,, * , ,* , ,*, Turn 20207 on Abyss:3: - damn it , , ,, , ,,,, , * , ,..., , #, *,* * ,, , , ., ..##,, . . * ,, * , , .. #..., , .#. ** * * #.. ...##,#.. , * * ....#......#, ,* ,, ,, , * * . ......#.. , , , * ,, * ....#....## , * *#$....@.## ,, * * * , * , ###....### ,, , * , ,, ######..,, ,,,** , * , , .##.##., * * ,, ,*,, ,,,*,,, * ,* *, , * ,, , *, , ,, , ,** , , , , *,,,, , *, * ** ,,*** , ,** , Turn 20337 on Abyss:4: - oh this is nuts

#...#.)#.#..#############
.....#.#.#..........#8####
......##.#..........######
########.#########.....≈###
§≈8§≈≈≈#........©#......#8#
########.#############..###
......s#.#.#.##.##.###..###
##.##.s#.#.#.##.##†###..###
..#..#[#.#.#....@....#..###
..#..#}#.#.###.##©##.#..#≈8 ***
#####.©#©#.###.##†#..#..#..,** *
.©#..#.###.##.#......####.8... *
..#..#)#...##.##.##.##©.....##,,,
##.##..#...#####.##.#####.8.#
.......#...#DF!=©.$..#..#..... *
########...###########.§#.8.##,,,
.........≈.............≈#...# ,


Turn 29282 on Gauntlet: - fuckin miasma * * ### ### *,* ##.#####.## , ,
#}(!#.#...# ###W##..#.## * #..@.......# ,* ##.........# * #.........## **
##...#...### * ###....#.######## ##..#.....##.###.## ,* #....##...........### ,
####...###...#.....##.## * ##.#...####.......)##...# Turn 30876 on Orc:1: - that
was not intentional ##...........[##### ##...#.......[.#### #..[#).[[###..#.###
##...#.#####.#...# ##.).[#####.....## ####)..### ##.#.## ###.))### ##.###
##...#### #...# ###@#### ##.## ####### ##### ##### Turn 32346 on Orc:2: - phew
......................## ### #.#..#.................###.###
........................#...### .........................#.>.##
......∩.......................## .#.............................#
##.........................##.## ...................^........###
#.....).........@........#..# ##.#.∩...............#.###...#
####.......∩........#######.## #######....#....## ## ################ ##### Turn
33615 on Orc:2: - pretty crap , * ......# * ,* ####..... ###..#... * ##.....####
#......##### *#..###..##### *#.,#####..##### ######.##### , #####@)#### * *
#####).### *, ,* #####..### * #####..### , , ####...### ,,,.# ####...#### ,,, ,
,..#####...##### , ,, ,....#.....#### ,,,, ,....§....#### Turn 43790 on Snake:3:
- whoops ≈≈≈≈≈≈≈≈≈≈≈.)......≈≈≈≈≈≈ ≈≈ , ≈ ≈≈≈≈≈≈≈[.......≈≈≈≈≈ ≈ , ≈ ≈
≈≈≈≈≈≈≈≈..###≈≈≈≈≈≈≈ ≈ ,, ≈≈ ≈≈≈≈≈≈≈≈...###..≈≈≈≈≈≈≈≈ ≈ ≈ ≈≈≈≈≈≈≈...##.....≈≈≈
≈, ≈≈ ≈≈≈≈≈≈≈≈≈≈.........≈≈≈ ≈≈≈ ≈ ≈ ≈≈≈≈≈≈≈≈........≈≈≈≈≈≈ ≈ ≈
≈≈≈≈≈≈≈≈≈≈≈.....≈≈≈≈ ≈≈ ≈≈≈ ≈≈≈≈≈≈≈≈≈≈@...≈≈≈≈≈≈ ≈ ≈ ≈≈≈≈ ≈≈≈≈≈≈≈≈≈≈≈≈≈≈≈≈≈≈≈ ≈
≈ ≈≈≈≈≈≈≈≈≈≈≈≈≈≈≈≈≈≈≈≈≈≈ ≈≈≈ ≈ ≈≈≈≈ ≈≈≈≈≈≈≈≈≈≈≈≈≈≈≈≈≈≈ ≈≈≈ ≈≈ ≈ ≈
≈≈≈≈≈≈≈≈≈≈≈≈≈≈≈≈≈≈≈≈ ≈ ≈ ≈≈ ≈≈≈≈≈≈≈≈≈≈≈≈≈≈≈≈ ≈ ≈≈ ≈ ≈ ≈≈≈≈≈≈≈≈≈≈≈≈≈≈≈≈ ≈ ≈ ≈ ≈
≈≈≈≈≈≈≈≈≈≈≈≈≈≈≈≈ ≈ ≈ ≈ ≈≈ ≈ ≈≈ ≈ ≈ ≈≈ ≈ Turn 46213 on Shoals:2: - those better
be shops ≈≈≈ ...≈≈≈≈,, , * , ≈ .....≈≈≈. , ≈ , ** ≈≈ ,* , [....≈≈≈.,, , ,.*,
...##.........####### ..* , ≈ ..............#∩.∩.∩#.>. , ≈
.......≈...............≈ ,, , ......≈≈≈........⌠...... , ≈
≈≈≈≈...≈≈≈≈............. ≈≈≈,, ≈≈≈≈≈....≈≈...#∩@∩.∩#≈ ≈ ≈≈..≈....≈≈≈..#######≈
,≈ ≈≈.<...>.≈≈≈≈........ ≈ , ≈≈.....≈≈≈≈≈≈≈≈≈≈.... ,,, ≈ , )........≈≈≈≈≈≈≈≈....
* ,, ≈ [........≈≈≈≈≈≈≈≈....****, ≈ ...###.≈≈≈≈≈≈≈≈≈≈.... , ,
...###...≈≈≈≈≈≈≈≈....,, , , ...##.)....≈≈≈≈≈≈≈... ,, , Turn 46251 on Shoals:2: -
great ≈ ...≈≈≈≈≈, , * , ≈ ≈ ....≈≈≈≈≈ , ≈ ...#** ≈≈ , [....≈≈≈.,, , ≈..#,. ≈ ,
##.........#######...#.. ≈ , , ...........#∩.∩.∩#.>....≈ , * *
....≈...............≈... ≈,, * ...≈≈≈........⌠......... ≈≈ ,
≈...≈≈≈≈................≈≈≈,, ≈≈....≈≈...#∩.∩.@#≈. ≈ .≈≈...≈≈≈..#######≈≈,≈ ≈ ≈
<...>.≈≈≈≈.≈........ ≈ , , ....≈≈≈≈≈≈≈≈≈≈.....(,, ≈ , ≈ ......≈≈≈≈≈≈≈≈.... * ,,
≈ ≈ , ......≈≈≈≈≈≈≈≈....****, ≈, ###.≈≈≈≈≈≈≈≈≈≈.... , , , ###...≈≈≈≈≈≈≈≈....,,
,,,, * ##.)....≈≈≈≈≈≈≈... ,, , , Turn 46254 on Shoals:2: - that is some bullshit
≈ ≈ ≈ ≈≈≈≈≈≈≈.# *.[≈≈≈≈≈ ≈ ≈≈ ≈ ≈ ≈≈≈≈≈≈≈.# ..≈≈≈≈≈ ≈≈ ≈ ≈ ≈≈≈≈≈≈≈≈.###.≈≈≈≈≈≈ ≈
≈≈≈ ≈≈ ≈≈≈≈≈P≈≈≈...≈≈≈≈≈≈≈, * ≈ ≈ ≈≈≈≈≈≈≈≈≈≈≈≈≈≈≈≈≈≈ , * ≈≈ ≈
≈≈≈≈≈≈P≈≈≈P≈≈≈≈≈.≈≈≈ ≈ ,, ≈ ≈ ≈≈≈≈≈≈P#PP≈≈≈≈.#*≈{≈≈≈ ≈ ≈ ≈≈ ≈
≈≈≈≈≈P##≈≈≈...##.≈≈≈ ≈ ≈ ≈≈≈≈≈≈≈P@PPP<<...≈≈≈ ≈ , ≈ ≈ ≈≈≈≈≈≈≈P≈.###..≈≈≈≈ , ≈
≈≈≈≈≈≈≈≈≈≈≈.###.≈≈≈≈≈≈≈* ≈ ≈≈≈≈≈≈≈≈≈≈≈≈.P##..≈≈..≈≈ , ≈ ≈ ≈≈≈≈≈≈≈≈≈≈≈P.. ... ≈*
, ≈ ≈ ≈≈≈≈≈≈≈≈≈≈≈≈≈≈,* #. ≈≈** ≈ ≈≈≈≈≈≈≈≈≈≈≈≈≈≈HP* ≈ ≈ ≈ ≈ ≈≈≈≈≈≈≈≈≈≈≈≈≈≈P#* *,
≈≈≈ ≈ ≈ ≈ ,,, ≈ Turn 48179 on Shoals:4: - here's the perfect curse and nothing
to put it on ,, , ,..........#.........*, ,,,,,,,..........##########*,, ,
,,,,................., , ., , * *########........... ,, .. ,, *,
.......#...........,..... , ,* .......#...########*#.... ,*,,,........#..#., ,,
#.... ,,,* .........^.# ,,, #.... , , ,......#.@.#'..., ,#.T.. ,, ,
...........#... ,#.... ,,, ........#..#..". , #.... * .......#...# ... , #.... *
, ....... ...# ,..,, ,#.... ,.......*...# , ∆#.... *,, * ####+# ...#** ***#....
, ,,, , ... , ,....... , ,, , , ,,, , ,,,,, ........ Turn 56108 on Vaults:1: -
man these shops are just terrible #.#.#.#.#.#.#..#.. , ,, ,, ,
'...........#..#..,.# .#..,, #...........#..#..#'#..#'#.
#...........#..#..'...(..'., #...........#..####.#..#.##
#######'#####..#........... ..##.....##....#.......... *
.##.......##...####.#..#.## .#.#.....#.#...+@.)††....'.,
.#..#####..#...#..#'#..#'#, .#..#####..#...#....#..#,,, .#.#.....#.#...#....#..
* .##.......##...######## ** * .#.#.....#.#...### .#..#####..'...###
.#..#####..#...### .#.#.....#.#...### Turn 56861 on Vaults:1: - dang ,,* *, ,,
,,*, , *,** *, , ,......, * , ,, ,..... ., ,, , * * ,,., ,,,, .... .. *** * , ..
, ... ... * * ,,...#####..#..#. *** ,* , ...............,** * , ,,,
............$.., ,* , * ,* *,.......@##'* *,* , *,*,* ,,*........#.. , ,, * , ,
**,........#..,,,,,* *, ,, * *........#.. ,, ,* *, *........# , , *, , *
,........# , , , ,,......... , , * , , ,****......... ,,, , ,, * * , ,,,, ,, , ,
, * Turn 62398 on Abyss:2: - flippin wizards

Levels and vault maps discovered:
D:1:      dpeg_arrival_shrine, layout_loops_ring
D:2:      layout_loops_ring, shapermc_ecumenical_altar_starsandcircs,
          basic_altar, kennysheep_generic_room_3, uniq_terence,
          uniq_crazy_yiuf_cottage
D:3:      layout_basic, tso_oasis_becter, minmay_joined_circles
D:4:      layout_loops_ring, mainiacjoe_overflow_alcove_2, serial_shops,
          kennysheep_mini_moat, hangedman_decor_lopped
D:5:      layout_rooms
D:6:      layout_cave_pods, mainiacjoe_overflow_brackets, uniq_duvessa
D:7:      layout_loops_ring, minmay_temple_entry_poolview, minmay_misc_feat_room
D:8:      layout_layer_cave
D:9:      layout_cave_pools
D:10:     layout_basic, kennysheep_slug_shrine, nicolae_elyvilon_peaceful_grove
D:11:     layout_small_grid, dpeg_oklobed_lair, gammafunk_ghost_stat_death,
          hex_large
D:12:     layout_basic, erik_orc_4, gauntlet_entry_generic,
          gammafunk_ghost_spectres, serial_bayou_pond_a
D:13:     layout_roguey, skrybe_vaults_entry_preservation, bloody_trog,
          uniq_kirke
D:14:     layout_gridville, doesnt_xom_only_xom
Lair:1:   dragon1_lemuel, layout_regular_city, portal_ice_cave_rime
Lair:2:   layout_regular_city, minmay_shoals_entry_hut, serial_bayou_shore_a,
          infiniplex_staircase_pool_2
Lair:3:   layout_gridlike, minmay_snake_entry_guardpost_medium, uniq_rupert,
          uniq_snorg
Lair:4:   layout_regular_city, enter_volcano_3
Lair:5:   layout_layer_cave, slime_altar_1, nzn_masters_of_martial_movement
Lair:6:   cheibrodos_lair_end_hotspot, layout_layer_cave
Shoals:1: layout_shoals, nicolae_shoals_aquamancer_cove
Shoals:2: layout_shoals, nicolae_shop_clearance
Shoals:3: layout_shoals
Shoals:4: shoals_end_simple, layout_shoals
Snake:1:  layout_basic
Snake:2:  layout_onion_interference, nicolae_snake_dead_anacondas,
          grunt_megastairs_2
Snake:3:  layout_layer_cave, uniq_roxanne, uniq_azrael, uniq_vashnia
Snake:4:  grunt_snake_rune_spirals, layout_onion_interference,
          gammafunk_ghost_cemetery, st_stairs_7
Orc:1:    layout_caves, ebering_ghost_xom, serial_shops, shop
Orc:2:    st_orc_open, layout_caves, nicolae_orc_pool_cavern, bloody_makhleb,
          uniq_sonja
Vaults:1: v_misc_29, vaults_room_glass_cross, ontoclasm_vaults_claustrophobia,
          vaults_mumra_lcd, vaults_room_fancy_cross, v_alt_pattern_6,
          vaults_room_grunt_arrival_ludios, nicolae_vaults_network_s,
          nicolae_vaults_circle_grid_a, nicolae_vaults_shelves_hall,
          v_alt_pattern_5, layout_vaults_big_room, serial_shops,
          nicolae_shop_stone
Vaults:2: vaults_dpeg_cross, minmay_crypt_entry_nasty_monster, v_misc_28,
          v_misc_10, vaults_room_large_hall, grunt_tower_of_power,
          nicolae_vaults_puzzle_piece, nicolae_vaults_alarming,
          vaults_room_corners, vaults_room_pool, vaults_room_door_hall,
          nicolae_vaults_theta, layout_vaults_omnicross
Vaults:3: hangedman_vaults_variations, v_misc_22, v_misc_2, vaults_room_pools,
          v_misc_29, grunt_vaults_hallway_short, ontoclasm_vaults_gateway,
          layout_vaults_omnigrid, serial_shops, nicolae_shop_trees
Vaults:4: ontoclasm_vaults_shuriken, vaults_dpeg_encased_lava, v_pattern_2,
          hangedman_vaults_stretched_pinwheel, ontoclasm_vaults_twist,
          ontoclasm_vaults_ligature, ontoclasm_vaults_fault, vaults_dpeg_hooks,
          st_quartered_hall, v_alt_pattern_3, v_misc_13, vaults_room_semicircle,
          layout_vaults_ring

Skill      XL: |  1  2  3  4  5  6  7  8  9 10 11 12 13 14 15 16 17 18 19 20 21 22 |
---------------+-------------------------------------------------------------------+-----
Conjurations   | 6 7 8 9 12 13 15 16 | 16.6
Spellcasting   | 3 4 5 6 8 9 11 12 14 15 16 | 16.6
Hexes          | 1 3 4 5 |  5.5
Translocations | 1 4 5 |  5.3
Fighting       | 3 6 9 10 11 14 15 | 15.5
Armour         | 3 5 6 8 |  8.0
Evocations     | 3 4 5 6 |  6.8
Dodging        | 5 6 10 12 | 12.4
Stealth        | 5 7 9 12 | 12.0
Shields        | 4 5 7 8 |  8.0
Fire Magic     | 6 9 |  9.4
Earth Magic    | 5 6 |  6.0
Ice Magic      | 3 6 |  6.0
Staves         | 12 | 12.0
Throwing       | 4 9 |  9.0
Summonings     | 5 |  5.0

Action                   |  1- 3 |  4- 6 |  7- 9 | 10-12 | 13-15 | 16-18 | 19-21 | 22-24 || total
-------------------------+-------+-------+-------+-------+-------+-------+-------+-------++-------
Melee: Whip              |       |    14 |     7 |    20 |   199 |    45 |       |       ||   285
       Kick              |       |     1 |       |     6 |    47 |    15 |    96 |    15 ||   180
       Peck              |       |     1 |       |     3 |    36 |     9 |    63 |     8 ||   120
       Staff             |       |       |       |       |       |    37 |   398 |    58 ||   493
 Fire: Hunting sling     |     2 |    59 |    86 |    38 |       |       |       |       ||   185
Throw: Dart              |       |       |       |    17 |    30 |    19 |    26 |     1 ||    93
 Cast: Magic Dart        |    50 |     5 |     9 |    64 |    59 |    35 |     5 |       ||   227
       Searing Ray       |     1 |    20 |    58 |   137 |   159 |    70 |    23 |     2 ||   470
       Iskenderun's Myst |       |       |     1 |     5 |    32 |    55 |    17 |       ||   110
       Fulminant Prism   |       |       |       |    55 |   127 |   164 |    98 |    15 ||   459
       Dazzling Flash    |       |       |       |     3 |     9 |       |       |       ||    12
       Apportation       |       |       |       |       |     1 |       |       |       ||     1
       Bolt of Magma     |       |       |       |       |    38 |   249 |   169 |    13 ||   469
       Hailstorm         |       |       |       |       |       |     1 |     1 |       ||     2
       Iron Shot         |       |       |       |       |       |    24 |   171 |    14 ||   209
Invok: Curse Item        |       |       |     2 |     6 |     1 |     4 |       |     1 ||    14
       Shatter the Chain |       |       |     1 |       |     2 |     2 |     1 |       ||     6
Evoke: Wand              |       |       |       |     7 |    16 |    24 |    18 |     1 ||    66
       Condenser vane    |       |       |       |       |     1 |       |       |       ||     1
       Piece from Xom's  |       |       |       |       |     1 |       |       |       ||     1
  Use: Potion            |       |     1 |       |     5 |     5 |     5 |     3 |       ||    19
       Scroll            |       |       |     2 |     2 |     3 |     1 |     1 |       ||     9
 Stab: Invisible         |       |       |       |     2 |       |       |       |       ||     2
       Sleeping          |       |       |       |       |     1 |     1 |     1 |     2 ||     5
       Held in net/web   |       |       |       |       |       |       |     1 |       ||     1
       Distracted        |       |       |       |       |       |       |     2 |       ||     2
Armor: Robe              |     3 |     1 |     6 |       |       |       |       |       ||    10
       Ring mail         |       |       |     2 |    43 |   111 |   116 |   103 |     9 ||   384
Dodge: Dodged            |     1 |    15 |    54 |   170 |   340 |   161 |   227 |     9 ||   977
Block: Kite shield       |       |       |       |    23 |   296 |   289 |   373 |    32 ||  1013
       Reflection        |       |       |       |       |       |    18 |    52 |    10 ||    80
